cohdb
Replays
Latest Replays
All Replays
Popular Replays
Top Player Replays
Match Explorer
How It Works
Community
CoH3 Stats
Reddit
Sign in to upload your games and track your stats! →
Sign in with Steam
Match 25290337
Unlisted
Match 25290337
Overview
Messages
Build Orders
End
Panzergrenadier Squad
Kradschützen Motorcycle Team
Panzergrenadier Squad
Panzergrenadier Squad
Construct Light Support Kompanie
Fire Support Elements
Flakvierling Half-track
2.5-tonne Medical Truck
Panzerjäger Mechanized Group
Construct Panzerarmee Kommand
Armored Reserves
Panzer IV Assault Group
Panzerpioneer Squad
2.5-tonne Medical Truck
Veteran Squad Leaders
Panzerjäger Squad
Construct Mechanized Kompanie
Panzer IV Assault Group
tangojuliett
ConcernedApe
0
0
Comments
sign in to comment!
No comments posted yet!